 Dungeon Crawl Stone Soup version 0.29-a0-284-gf9362112df (webtiles) character file.

Game seed: 3554896840141660994

254 sammy202020 the Ducker (level 5, 0/53 HPs)
             Began as a Troll Fighter on Mar 24, 2022.
             Succumbed to an orc wizard's poison
             ... on level 4 of the Dungeon.
             The game lasted 00:03:01 (2043 turns).

sammy202020 the Ducker (Troll Fighter)              Turns: 2043, Time: 00:03:02

Health: 0/53       AC:  6    Str: 30    XL:     5   Next: 91%
Magic:  4/4        EV:  9    Int:  6    God:
Gold:   142        SH:  0    Dex:  9    Spells: 4/4 levels left

rFire   . . .      SeeInvis .     - Unarmed
rCold   . . .      Faith    .   b - +0 kite shield
rNeg    . . .      Spirit   .   a - +0 robe
rPois   .          Reflect  +   (helmet restricted)
rElec   .          Harm     .   p - +1 cloak
rCorr   .          Rampage  .   (gloves unavailable)
Will    .....                   (boots unavailable)
Stlth   +.........              d - amulet of reflection
HPRegen 0.97/turn               s - +6 ring of strength
MPRegen 0.09/turn               (no ring)

@: confused, mighty, lethally poisoned (0 -> -17)
A: large, unfitting armour, claws 3, regeneration 1, shaggy fur 1, tough skin 1
a: no special abilities


You were on level 4 of the Dungeon.
You visited 1 branch of the dungeon, and saw 4 of its levels.

You collected 142 gold pieces.

Inventory:

Armour
 a - a +0 robe (worn)
 b - a +0 kite shield (worn)
 p - a +1 cloak (worn)
Jewellery
 d - an amulet of reflection (around neck)
 q - a ring of wizardry
 s - a +6 ring of strength (left claw)
Wands
 r - a wand of flame (21)
Scrolls
 e - 2 scrolls of enchant weapon {unknown}
 f - a scroll of fear {unknown}
 h - a scroll of fog {unknown}
 j - 2 scrolls of noise {unknown}
 n - 2 scrolls of identify {unknown}
 t - a scroll of blinking {unknown}
 v - a scroll of acquirement {unknown}
Potions
 c - a potion of might
 g - 2 potions of attraction {unknown}
 i - a potion of brilliance {unknown}
 k - 2 potions of cancellation {unknown}
 l - 2 potions of degeneration {unknown}
 m - a potion of heal wounds {unknown}
 o - a potion of curing {unknown}
 u - a potion of haste {unknown}


   Skills:
 * Level 3.5 Fighting
 * Level 3.6 Dodging
 + Level 3.1 Shields
 * Level 3.6 Unarmed Combat


You had 4 spell levels left.
You didn't know any spells.
Your spell library was empty.

Dungeon Overview and Level Annotations

Branches:
Dungeon (4/15)
 Temple: D:4-7

Altars:

Shops:
D:2 *


Innate Abilities, Weirdness & Mutations

You are too large for most types of armour.
You have claws for hands.
Your natural rate of healing is unusually fast.
You are covered in fur. (AC +1)
You have tough skin. (AC +1)


Message History

You are confused.
You barely miss something. The orc hits you but does no damage.
The orc priest barely misses you. The orc hits you with a +0 dagger. x2
You hear some strange, mumbled words.
Something tries to affect you, but you resist.
Unknown command.
You closely miss the orc priest.
The orc priest is lightly wounded.
The orc hits you with a +0 mace. The orc priest hits you with a +0 club.
The orc misses you. Something hits you but does no damage.
You are poisoned.
The orc barely misses you. The orc priest closely misses you.
The orc barely misses you. The orc hits you with a +0 mace.
The orc hits you with a +0 dagger. Something hits you but does no damage.
You're too confused to move!
You feel very sick. The orc closely misses you.
The orc priest invokes the aid of Beogh against you.
Beogh smites you!
* * * LOW HITPOINT WARNING * * *
The orc misses you. The orc barely misses you.
You hear some strange, mumbled words.
You are more confused.
You claw the orc!
You kill the orc!
You feel sick. The orc hits you but does no damage. The orc closely misses you.
The orc priest hits you but does no damage.
Something hits you but does no damage.
You are more poisoned.
You miss the orc.
* * * LOW HITPOINT WARNING * * *
You feel very sick. The orc hits you with a +0 mace.
* * * LOW HITPOINT WARNING * * *
The orc barely misses you. The orc priest closely misses you.
Something hits you but does no damage.
You are more poisoned.
You scratch the orc priest.
The orc priest is moderately wounded.
You die...

......######
..)......?.#
...........# ##
...........# ...
...........##...
...........#...
......oo)..<...
......{@...#
....#.o....#### #
#....†......###.
#..........##.##..
##....##.######.##.#
.....#.... #.##.#
#......### #.##.#
....... #.##.###
...#....# #.##...##


You could see an orc priest and 2 orcs.

Vanquished Creatures
  A jelly (D:3)
  Ijyb (D:3)
  Terence (D:3)
  Natasha (thrice) (D:3)
  3 adders
  2 worms
  2 orcs (D:4)
  6 ball pythons
  4 bats
  8 endoplasms
  3 giant cockroaches
  8 goblins
  4 hobgoblins
  2 jackals (D:4)
  7 kobolds
  A quokka (D:2)
  5 frilled lizards
  3 rats
64 creatures vanquished.

Vanquished Creatures (others)
  A kobold (D:4)
1 creature vanquished.

Grand Total: 65 creatures vanquished

Notes
Turn   | Place    | Note
-------+----------+-------------------------------------------
     0 | D:1      | sammy202020 the Troll Fighter began the quest for the Orb.
     0 | D:1      | Reached XP level 1. HP: 22/22 MP: 0/0
    49 | D:1      | Reached XP level 2. HP: 29/29 MP: 1/1
   695 | D:2      | Reached XP level 3. HP: 36/36 MP: 2/2
   908 | D:2      | Found Cechuski's Assorted Antiques.
  1247 | D:3      | Reached XP level 4. HP: 36/45 MP: 3/3
  1330 | D:3      | Noticed Ijyb
  1335 | D:3      | Killed Ijyb
  1369 | D:3      | Noticed Natasha
  1377 | D:3      | Killed Natasha
  1378 | D:3      | Reached XP level 5. HP: 53/53 MP: 4/4
  1420 | D:3      | Noticed Natasha
  1432 | D:3      | Killed Natasha
  1449 | D:3      | Noticed Terence
  1465 | D:3      | Killed Terence
  1779 | D:3      | Noticed Natasha
  1789 | D:3      | Killed Natasha
  2043 | D:4      | Succumbed to an orc wizard's poison

Illustrated notes

Levels and vault maps discovered:
D:1:      pf_arrival_petrified_forest, layout_rooms,
          shapermc_ecumenical_altar_petra, ebering_dispersal_statue_hall,
          chequers_serial_rivers_small_b, corexii_hall_statues_t
D:2:      layout_loops_ring, serial_shops, nicolae_shop_statue_plus,
          minmay_tromino_mix6
D:3:      layout_basic, uniq_terence, uniq_ijyb, uniq_natasha
D:4:      layout_rooms, chequers_temple_overflow_minitemple,
          minmay_misc_feat_pillars

Skill      XL: |  1  2  3  4  5 |
---------------+----------------+-----
Dodging        | 3 |  3.6
Fighting       | 3 |  3.5
Unarmed Combat | 3 |  3.6
Shields        | 3 |  3.1

Action                   |  1- 3 |  4- 6 || total
-------------------------+-------+-------++-------
Melee: Unarmed           |   112 |    83 ||   195
  Use: Potion            |       |     1 ||     1
Armor: Robe              |    37 |    19 ||    56
Dodge: Dodged            |    25 |    33 ||    58
Block: Kite shield       |    56 |    33 ||    89
       Reflection        |       |     1 ||     1

Table legend: (Time is in decaauts)
 A = Elapsed time spent in this place.
 B = Non-inter-level travel time spent in this place.
 C = Inter-level travel time spent in this place.
 D = Time resting spent in this place.
 E = Time spent auto-exploring this place.
 F = Levels seen in this place.
 G = Mean time per level.
                   A        B        C        D        E       F      G
               +--------+--------+--------+--------+--------+-----+--------+
         Total |   2066 |   2025 |     41 |      0 |   1511 |   4 |  516.5 |
       Dungeon |   2066 |   2025 |     41 |      0 |   1511 |   4 |  516.5 |
               +--------+--------+--------+--------+--------+-----+--------+

Top non-repeatable levels by time:
     D:2: 682 daAuts
     D:3: 655 daAuts
     D:1: 531 daAuts
     D:4: 197 daAuts
